 Dungeon Crawl Stone Soup version 0.30.0-30-g96aa6591b8 (webtiles) character file.

Game seed: 1664037334011275769

2084 Peloso the Protected (level 9, -3/75 HPs)
             Began as a Minotaur Fighter on June 26, 2023.
             Was a Believer of Okawaru.
             Slain by a hornet (9 damage)
             ... on level 8 of the Dungeon.
             The game lasted 00:11:40 (6487 turns).

Peloso the Protected (Minotaur Fighter)             Turns: 6487, Time: 00:11:40

Health: -3/75      AC: 13    Str: 23    XL:     9   Next: 6%
Magic:  6/8        EV: 11    Int:  5    God:    Okawaru [**....]
Gold:   353        SH:  7    Dex: 12    Spells: 8/8 levels left

rFire   . . .        a - +0 long sword
rCold   . . .        d - +0 buckler
rNeg    . . .        c - +1 chain mail
rPois   .            (helmet restricted)
rElec   .            (no cloak)
rCorr   .            (no gloves)
SInv    .            (no boots)
Will    .....        (no amulet)
Stlth   +            (no ring)
HPRegen 0.32/turn    (no ring)
MPRegen 0.11/turn

%: no passive effects
@: lethally poisoned (-3 -> -7), heroic, slowed, very slow
A: horns 2, retaliatory headbutt
a: Renounce Religion, Heroism


You were on level 8 of the Dungeon.
You worshipped Okawaru.
Okawaru was pleased with you.
You visited 2 branches of the dungeon, and saw 9 of its levels.

You collected 353 gold pieces.

Inventory:

Hand Weapons
 a - a +0 long sword (weapon)
Missiles
 u - a throwing net (quivered)
Armour
 b - a +0 scale mail
 c - a +1 chain mail (worn)
 d - a +0 buckler (worn)
Jewellery
 h - a ring of fire
Wands
 t - a wand of polymorph (21)
 w - a wand of mindburst (14)
Scrolls
 e - 5 scrolls of teleportation
 f - 2 scrolls of identify
 g - a scroll of fog
 k - 9 scrolls of immolation
 l - 2 scrolls of enchant armour
 m - a scroll of magic mapping
 q - a scroll of fear
 r - a scroll of enchant weapon
 v - a scroll of poison {unknown}
 x - a scroll of amnesia
Potions
 i - a potion of might
 j - 2 potions of curing
 n - 2 potions of haste
 o - 2 potions of magic
 p - 4 potions of heal wounds
 s - a potion of berserk rage


   Skills:
 + Level 6.2(11.2) Fighting
 + Level 8.2(13.2) Long Blades
 + Level 8.6(13.6) Armour
 + Level 3.0(8.0) Dodging
 + Level 1.7(6.7) Stealth
 + Level 6.9(11.9) Shields


You had 8 spell levels left.
You didn't know any spells.
Your spell library contained the following spells:

 Spells                   Type           Power      Damage    Failure   Level
 Blink                    Tloc           0%         N/A       98%         2
 Manifold Assault         Tloc           0%         N/A       100%        4
 Storm Form               Tmut/Air       0%         N/A       100%        7


Dungeon Overview and Level Annotations

Branches:
Dungeon (8/15)             Temple (1/1) D:5
   Lair: D:8-11

Altars:
Ashenzari
Dithmenos
Elyvilon
Fedhas
Hepliaklqana
Nemelex Xobeh
Okawaru
Qazlal
Sif Muna
Trog
Uskayaw
Wu Jian
Xom
Zin

Shops:
D:4 (   D:7 (


Innate Abilities, Weirdness & Mutations

You have a pair of horns on your head.
You reflexively headbutt those who attack you in melee.


Message History

There is an open door here.
A hornet comes into view.
Found an escape hatch in the floor.
The hornet buzzes angrily.
The steam dragon bites you.
The steam dragon claws you but does no damage.
You barely miss the steam dragon. The steam dragon barely misses you.
The steam dragon claws you.
You slash the steam dragon! You headbutt the steam dragon!
The steam dragon is almost dead.
The steam dragon bites you. You block the steam dragon's attack.
You hit the steam dragon but do no damage.
The steam dragon is almost dead.
The hornet stings you but does no damage.
The steam dragon bites you but does no damage.
The steam dragon claws you but does no damage.
You block the hornet's attack.
You barely miss the steam dragon.
The steam dragon is almost dead.
The steam dragon breathes steam at you. The ball of steam hits you!
The hornet barely misses you. You furiously retaliate!
You headbutt the hornet. You barely miss the steam dragon.
The steam dragon is almost dead.
You are engulfed in a cloud of scalding steam.
The hornet is engulfed in a cloud of scalding steam.
The hornet stings you.
You are poisoned.
You feel yourself slow down. The steam dragon breathes steam at you.
The ball of steam hits you!
The hornet is engulfed in a cloud of scalding steam.
The hornet barely misses you.
You gain the combat prowess of a mighty hero.
You are engulfed in a cloud of scalding steam.
* * * LOW HITPOINT WARNING * * *
x2 You feel very sick.
The hornet is engulfed in a cloud of scalding steam.
The hornet stings you!
You die...

..!# ### ### ...#
##.####.####...#
#..............#
#........).....+
#........).....#
##.####.>.####.#
.#######'####...#########
......§§@D..............#
........y...............#
........................#
.#..###..##.###+####...##
## #..##.# ..##.....
......# .......... .....
.......... >.....
......[... #...........†


You could see a hornet and a steam dragon (catching breath).

Vanquished Creatures
  Grinder (D:5)
  A wyvern (D:8)
  A water moccasin (D:7)
  2 ice beasts (D:7)
  2 centaurs
  A phantom (D:5)
  3 kobold brigands
  3 bullfrogs
  2 scorpions (D:7)
  3 killer bees (D:7)
  A howler monkey (D:5)
  A hound (D:7)
  A jelly (D:4)
  2 orc priests
  A gnoll bouda (D:5)
  3 orc wizards
  4 adders
  9 gnolls
  A shadow imp (D:6)
  2 white imps
  3 worms
  A dart slug (D:1)
  19 orcs
  5 ball pythons
  9 bats
  7 endoplasms
  4 giant cockroaches
  8 goblins
  4 hobgoblins
  2 jackals (D:1)
  33 kobolds
  2 quokkas
  3 frilled lizards
  6 rats
150 creatures vanquished.

Vanquished Creatures (others)
  A kobold (D:5)
1 creature vanquished.

Grand Total: 151 creatures vanquished

Notes
Turn   | Place    | Note
-------+----------+-------------------------------------------
     0 | D:1      | Peloso the Minotaur Fighter began the quest for the Orb.
     0 | D:1      | Reached XP level 1. HP: 19/19 MP: 0/0
    77 | D:1      | Reached XP level 2. HP: 26/27 MP: 1/1
   280 | D:1      | Reached XP level 3. HP: 33/33 MP: 2/2
   999 | D:2      | Reached XP level 4. HP: 40/40 MP: 3/3
  1028 | D:2      | Reached skill level 1 in Dodging
  1413 | D:3      | Reached XP level 5. HP: 15/47 MP: 4/4
  1952 | D:4      | Found Coawiriu's Antique Weapon Emporium.
  2734 | D:5      | Entered Level 5 of the Dungeon
  2742 | D:5      | Noticed a phantom
  2749 | D:5      | Killed a phantom
  2750 | D:5      | Reached skill level 5 in Long Blades
  2750 | D:5      | Reached XP level 6. HP: 50/53 MP: 5/5
  2838 | D:5      | Noticed Grinder
  2843 | D:5      | Paralysed by Grinder for 2 turns
  2849 | D:5      | Killed Grinder
  2850 | D:5      | Reached skill level 5 in Fighting
  2850 | D:5      | Reached skill level 5 in Armour
  2852 | D:5      | Reached XP level 7. HP: 13/61 MP: 6/6
  3114 | D:5      | Reached skill level 5 in Shields
  3521 | D:5      | Found a staircase to the Ecumenical Temple.
  3530 | Temple   | Entered the Ecumenical Temple
  3627 | Temple   | Became a worshipper of Warmaster Okawaru
  4630 | D:5      | Reached XP level 8. HP: 60/70 MP: 7/7
  5357 | D:7      | Reached skill level 1 in Stealth
  5390 | D:7      | Found Anuivoq's Weapon Emporium.
  5733 | D:7      | Reached * piety under Okawaru
  6433 | D:8      | Reached ** piety under Okawaru
  6446 | D:8      | Reached XP level 9. HP: 61/75 MP: 8/8
  6487 | D:8      | Slain by a hornet

Illustrated notes

Levels and vault maps discovered:
D:1:      ebering_trefoil_3fold, layout_basic, minmay_misc_feat_plants
D:2:      layout_basic, nicolae_concentric_dashed_squares_mild
D:3:      layout_basic
D:4:      layout_basic, serial_shops, nicolae_shop_just_a_little_nook
D:5:      kennysheep_kobold_camp, layout_basic, temple_fountains,
          nicolae_titane, uniq_grinder
D:6:      layout_layer_cave, nrook_mini_backslash
D:7:      layout_loops_corners, serial_shops, shop
D:8:      layout_gridville, mainiacjoe_overflow_alcove_1, enter_bailey_4,
          item_on_display_a
Temple:   regret_index_temple_sphere_string

Skill      XL: |  1  2  3  4  5  6  7  8 |
---------------+-------------------------+-----
Fighting       | 4 5 6 |  6.2
Long Blades    | 3 4 5 6 8 |  8.2
Shields        | 4 5 6 |  6.9
Armour         | 4 5 6 8 |  8.6
Dodging        | 1 2 3 |  3.0
Stealth        | 1 |  1.7

Action                     |  1- 3 |  4- 6 |  7- 9 || total
---------------------------+-------+-------+-------++-------
  Melee: Long sword        |    93 |   114 |   232 ||   439
         Headbutt          |    11 |    21 |    47 ||    79
 Invoke: Heroism           |       |       |     1 ||     1
    Use: Potion            |     2 |     1 |     1 ||     4
         Scroll            |     1 |     5 |     9 ||    15
 Armour: Scale mail        |    44 |       |       ||    44
         Chain mail        |    14 |    60 |   145 ||   219
  Dodge: Dodged            |    89 |    41 |    90 ||   220
  Block: Buckler           |    31 |    20 |    75 ||   126
